 Dungeon Crawl Stone Soup version 0.29.1-15-g9cfb28693d (webtiles) character file.

Game seed: 15754444679341045081

189 Gustavia the Chopper (level 5, -2/46 HPs)
             Began as a Hill Orc Monk on Mar 31, 2023.
             Slain by a lemure (7 damage)
             ... led by Pikel
             ... on level 4 of the Dungeon.
             The game lasted 00:08:29 (3402 turns).

Gustavia the Chopper (Hill Orc Monk)                Turns: 3402, Time: 00:08:31

Health: -2/46      AC:  7    Str: 24    XL:     5   Next: 68%
Magic:  5/5        EV: 10    Int: 10    God:
Gold:   134        SH:  5    Dex: 13    Spells: 4/4 levels left

rFire   . . .      SeeInvis .   b - +0 war axe
rCold   . . .      Faith    +   i - +2 buckler
rNeg    . . .      Spirit   .   t - +0 scale mail
rPois   .          Reflect  .   (no helmet)
rElec   .          Harm     .   (no cloak)
rCorr   .          Rampage  .   (no gloves)
Will    .....                   p - +0 pair of boots
Stlth   +.........              h - amulet of Fyoth {Faith Str+2}
HPRegen 0.15/turn               f - +6 ring of strength
MPRegen 0.09/turn               (no ring)

@: flying
A: no striking features
a: no special abilities


You were on level 4 of the Dungeon.
You visited 1 branch of the dungeon, and saw 4 of its levels.

You collected 134 gold pieces.

Inventory:

Hand Weapons
 b - a +0 war axe (weapon)
Armour
 i - a +2 buckler (worn)
 p - a +0 pair of boots (worn)
 t - a +0 scale mail (worn)
Jewellery
 f - a +6 ring of strength (left hand)
 h - the amulet of Fyoth (around neck) {Faith Str+2}
   (You acquired it on level 1 of the Dungeon)

   [amulet of faith]

   It allows you to gain divine favour quickly.
   Str:       It affects your strength (+2).
 o - an amulet of the acrobat
Scrolls
 a - a scroll of amnesia
 m - a scroll of butterflies
 s - a scroll of magic mapping
Potions
 j - a potion of lignification {unknown}
 k - a potion of resistance {unknown}
 l - 2 potions of berserk rage {unknown}
 q - a potion of attraction {unknown}
 r - a potion of haste {unknown}


   Skills:
 + Level 4.1 Fighting
 + Level 6.2 Axes
 + Level 1.4 Armour
 + Level 3.1 Dodging
 + Level 2.1 Stealth
 + Level 0.8 Shields


You had 4 spell levels left.
You didn't know any spells.
Your spell library contained the following spells:

 Spells                   Type           Power      Damage    Failure   Level
 Slow                     Hex            0%         N/A       78%         1
 Blink                    Tloc           0%         N/A       89%         2
 Confusing Touch          Hex            0%         N/A       98%         3
 Lesser Beckoning         Tloc           0%         N/A       98%         3
 Stone Arrow              Conj/Erth      0%         3d7       98%         3
 Vampiric Draining        Necr           0%         2d6       98%         3
 Anguish                  Hex/Necr       0%         N/A       100%        4
 Animate Armour           Summ/Erth      0%         N/A       100%        4
 Fireball                 Conj/Fire      0%         3d3       100%        5
 Iskenderun's Battlesphe  Conj           0%         2d6       100%        5
 Manifold Assault         Tloc           0%         N/A       100%        5
 Conjure Ball Lightning   Conj/Air       0%         3x3d6     100%        6
 Enfeeble                 Hex            0%         N/A       100%        7
 Orb of Destruction       Conj           0%         9d5       100%        7
 Lehudib's Crystal Spear  Conj/Erth      0%         10d2      100%        8


Dungeon Overview and Level Annotations

Branches:
Dungeon (4/15)
 Temple: D:4-7

Altars:

Annotations:
D:4 Pikel


Message History

You barely miss the lemure.
You feel sick. The lemure closely misses you.
The lemure hits you but does no damage.
Pikel hits you with a +0 whip of freezing.
Pikel freezes you. The lemure hits you! You block Pikel's attack.
The lemure hits you but does no damage.
You barely miss Pikel.
Pikel is lightly wounded.
You hit the lemure. x2; You feel sick. The lemure hits you.
* * * LOW HITPOINT WARNING * * *
You block Pikel's attack. The lemure hits you!
* * * LOW HITPOINT WARNING * * *
You feel much better.
You feel sick.
You are no longer poisoned.
You block Pikel's attack. The lemure barely misses you. The lemure hits you.
You barely miss Pikel.
Pikel is lightly wounded.
You barely miss the lemure. You completely miss the lemure.
Pikel hits you but does no damage. The lemure hits you. The lemure hits you!
You closely miss Pikel.
Pikel is lightly wounded.
You hit the lemure but do no damage. You closely miss the lemure.
The lemure hits you.
* * * LOW HITPOINT WARNING * * *
Pikel completely misses you. You block the lemure's attack.
A ball python comes into view.
Pikel attacks as you move away! Pikel hits you but does no damage.
The lemure attacks as you move away! The lemure hits you.
* * * LOW HITPOINT WARNING * * *
The ball python hisses angrily.
It was a potion of flight.
You feel very buoyant.
You fly up into the air.
The lemure hits you but does no damage. You block Pikel's attack.
The lemure closely misses you. Pikel attacks as you move away!
Pikel hits you with a +0 whip of freezing.
* * * LOW HITPOINT WARNING * * *
Pikel freezes you.
* * * LOW HITPOINT WARNING * * *
The lemure attacks as you move away! The lemure hits you!
You die...

.....########.# ...
#####....#.##.###+.....#
.........#.#..K.....#
...#...............#
###<.#######+#...
#..#.........#
#..#.........#
#..#...K.....+
#..'...5@....#
#..#...5.#+###
#..##....# #...+....#
###.#....# ##..S.#
....## ##....


You could see Pikel, 2 lemures and a ball python.

Vanquished Creatures
  A necrophage (D:3)
  4 adders
  A gnoll (D:1)
  2 worms
  2 dart slugs
  4 ball pythons
  5 endoplasms
  3 giant cockroaches
  9 hobgoblins
  6 jackals (D:3)
  5 kobolds
  4 quokkas
  7 bats
  3 frilled lizards
  9 goblins
  8 rats
73 creatures vanquished.

Vanquished Creatures (others)
  3 plants (D:1)
3 creatures vanquished.

Grand Total: 76 creatures vanquished

Notes
Turn   | Place    | Note
-------+----------+-------------------------------------------
     0 | D:1      | Gustavia the Hill Orc Monk began the quest for the Orb.
     0 | D:1      | Reached XP level 1. HP: 19/19 MP: 1/1
   381 | D:1      | Reached XP level 2. HP: 15/27 MP: 2/2
   879 | D:1      | Reached XP level 3. HP: 26/33 MP: 3/3
  1270 | D:1      | Identified a scroll of acquirement
  1270 | D:1      | Acquired the amulet of Fyoth {Faith Str+2}
  1679 | D:2      | Found a faded altar of an unknown god.
  1685 | D:2      | Reached skill level 5 in Axes
  1768 | D:2      | Identified the +0 robe of Courage {Rampage rF- MP+9 Stlth+}
  1866 | D:2      | Reached XP level 4. HP: 40/40 MP: 4/4
  2635 | D:3      | Reached skill level 1 in Armour
  2709 | D:3      | Reached XP level 5. HP: 41/46 MP: 5/5
  2791 | D:3      | Reached skill level 6 in Axes
  3348 | D:4      | Noticed a lemure
  3348 | D:4      | Noticed a lemure
  3348 | D:4      | Noticed a lemure
  3349 | D:4      | Noticed Pikel
  3349 | D:4      | Noticed a lemure
  3402 | D:4      | Slain by a lemure

Illustrated notes

Levels and vault maps discovered:
D:1:      dpeg_arrival_round_a, layout_loops_ring, nicolae_grassy_gnolls
D:2:      layout_rooms, shapermc_ecumenical_altar_venn
D:3:      layout_loops_cross, st_stairs_5
D:4:      minmay_skewed_foursquare, layout_gridville,
          minmay_temple_entry_antechambers, serial_co_window_serial,
          co_window_paths_b, co_window_corner_a, co_window_paths_a,
          co_window_paths_a, co_window_paths_a, co_window_corner_a,
          co_window_paths_a, co_window_corner_a, co_window_corner_a,
          co_window_2corner, co_window_paths_c, co_window_of_opportunity_b,
          glass_columns_a, glass_columns_b, uniq_crazy_yiuf_cottage, uniq_pikel

Skill      XL: |  1  2  3  4  5 |
---------------+----------------+-----
Axes           | 5 6 |  6.2
Stealth        | 2 |  2.1
Fighting       | 4 |  4.1
Dodging        | 3 |  3.1
Armour         | 1 |  1.4
Shields        | |  0.8

Action                   |  1- 3 |  4- 6 || total
-------------------------+-------+-------++-------
Melee: Hand axe          |    91 |   120 ||   211
       War axe           |       |    32 ||    32
  Use: Scroll            |     2 |     6 ||     8
       Potion            |       |     4 ||     4
 Stab: Sleeping          |     4 |       ||     4
Armor: Robe              |    10 |       ||    10
       Ring mail         |     7 |    19 ||    26
       Scale mail        |       |    39 ||    39
Dodge: Dodged            |    47 |    81 ||   128
Block: Buckler           |     6 |    38 ||    44
